Map: 벨시르 잔재 (공허)

Players

ByuN

  • Race: Terran Terran
  • Spawn Location: 11:00

Ryung - Winner!

  • Race: Terran Terran
  • Spawn Location: 5:00

Event: IEM XI Katowice - World Championship 2017

VOD

Have the link to the VOD?

Description

Time

  • Played on: March 1, 2017, 7:52 p.m.
  • Length: 11:58

All games in this series

Show
View Real Time Build Order
Export as new Build Order

ByuN Terran 

Build Orders: Bio Tank 

Get SALT Encoding   

  12  0:00  SCV  
  13  0:12  SCV  
  14  0:17  Supply Depot  
  14  0:24  SCV  
  14  0:27  Refinery  
  15  0:38  SCV  
  16  0:43  Barracks  
  16  0:50  SCV  
  16  0:54  Refinery  
  17  1:03  SCV  
  18  1:15  SCV  
  19  1:29  Orbital Command  
  19  1:31  Factory  
  19  1:33  Reaper  
  20  1:44  Supply Depot  
  20  1:55  SCV  
  21  2:05  Reaper  
  21  2:07  SCV  
  23  2:15  Hellion  
  25  2:21  Command Center  
  25  2:23  SCV  
  26  2:35  SCV  
  27  2:37  Barracks Reactor  
  27  2:39  Hellion  
  29  2:45  Starport  
  29  2:47  SCV  
  30  2:52  Supply Depot  
  30  2:59  SCV  
  31  3:14  SCV, Cyclone  
  31  3:17  Marine x2  
  37  3:24  Medivac  
  37  3:26  SCV  
  37  3:33  Orbital Command  
  37  3:37  Marine x2  
  37  3:38  SCV  
  40  3:48  Cyclone  
  43  3:50  SCV  
  43  3:55  Marine x2  
  45  4:01  Medivac  
  48  4:03  SCV x2  
  48  4:05  Supply Depot  
  50  4:13  Marine x2  
  50  4:15  SCV x2  
  54  4:27  SCV x2, Cyclone  
  54  4:28  Supply Depot  
  54  4:31  Marine x2, Barracks  
  61  4:40  Supply Depot  
  61  4:41  SCV  
  62  4:50  SCV  
  62  4:51  Barracks  
  65  4:55  SCV  
  65  4:59  Factory Tech Lab  
  68  5:00  Starport Reactor  
  68  5:02  SCV  
  68  5:03  Supply Depot  
  68  5:06  Barracks Tech Lab  
  66  5:07  SCV  
  66  5:10  Refinery  
  66  5:11  Engineering Bay  
  64  5:14  SCV  
  64  5:19  SCV  
  66  5:23  Supply Depot  
  66  5:26  SCV  
  66  5:28  Marine  
  68  5:29  Stimpack  
  68  5:31  Siege Tank, SCV  
  68  5:33  Marine x2  
  74  5:37  Terran Infantry Weapons Level 1, Supply Depot x2  
  74  5:38  SCV  
  74  5:41  Refinery  
  75  5:43  Barracks Tech Lab, SCV  
  75  5:46  Marine  
  77  5:50  Marine x2, SCV  
  77  5:52  Supply Depot  
  80  6:01  Combat Shields  
  80  6:02  Marine  
  80  6:03  Marine  
  82  6:05  Barracks  
  82  6:06  Barracks  
  82  6:07  Siege Tank  
  82  6:08  Marine  
  85  6:18  Marine  
  85  6:19  Marine  
  85  6:21  Marine  
  88  6:26  Marine  
  89  6:34  Medivac  
  89  6:36  Marine  
  89  6:37  Marine  
  89  6:38  Medivac  
  89  6:39  Supply Depot, Siege Tank, Marine  
  99  6:44  Marine  
  99  6:54  Marine, Barracks Reactor x2  
  99  6:55  Marine  
  99  6:56  Supply Depot  
  99  6:57  Supply Depot, Marine  
  102  7:02  Marine  
  103  7:12  Marine  
  103  7:13  Marine, Command Center  
  103  7:15  Marine  
  106  7:18  Siege Tank  
  106  7:19  Supply Depot x2, Marine  
  106  7:22  SCV x2  
  112  7:30  Marine  
  112  7:31  Terran Infantry Armor Level 1, Marine  
  112  7:32  Marine x5  
  118  7:37  Marine  
  119  7:47  Marine  
  119  7:49  Marine  
  119  7:50  Marine x5, Siege Tank  
  129  7:55  Marine  
  127  8:05  Marine  
  127  8:06  Marine  
  127  8:07  Marine  
  127  8:08  Marine x4  
  134  8:13  Marine  
  134  8:22  Siege Tank  
  134  8:23  Marine  
  134  8:24  Marine  
  134  8:25  Marine  
  134  8:26  Marine x3  
  136  8:27  Orbital Command  
  136  8:30  Marine  
  136  8:31  Marine  
  136  8:33  Viking x2  
  142  8:38  Armory, Engineering Bay  
  142  8:41  Marine  
  142  8:42  Marine  
  142  8:43  Marine x2  
  142  8:47  SCV x2  
  148  8:54  Siege Tank  
  151  8:56  Marine x2  
  151  8:58  Marine  
  151  8:59  Marine x2  
  151  9:00  Marine  
  155  9:05  Marine  
  156  9:12  Marine  
  144  9:18  Marine  
  144  9:21  Marine  
  134  9:26  Siege Tank  
  134  9:27  Marine, Orbital Command  
  134  9:28  Marine  
  136  9:33  Marine x2  
  136  9:34  Marine x2  
  136  9:35  Marine  
  140  9:39  Marine  
  140  9:40  Terran Infantry Weapons Level 2, Terran Infantry Armor Level 2  
  140  9:44  Marine, SCV x2  
  143  9:46  Marine  
  143  9:51  Marine x2  
  143  9:55  Marine  
  143  9:56  Marine  
  143  9:57  Marine  
  143  9:58  Marine, Siege Tank, Medivac  
  127  10:02  Marine  
  127  10:04  Marine  
  111  10:07  Medivac  
  113  10:14  Marine x2  
  113  10:17  Marine x2  
  113  10:18  Marine x2  
  116  10:23  Marine x2  
  89  10:28  Medivac  
  110  10:29  SCV x2  
  110  10:32  Marine x2  
  110  10:34  Marine  
  110  10:35  Marine x2  
  115  10:37  Medivac  
  115  10:40  Marine x2  
  115  10:41  Siege Tank  
  116  10:42  Marine  
  116  10:47  SCV x2  
  120  10:50  Marine x2  
  120  10:52  Marine  
  120  10:53  Marine x2  
  120  10:57  Supply Depot, Marine  
  123  10:58  Supply Depot, Marine, Medivac  
  123  11:02  Marine  
  127  11:07  Marine, Medivac  
  127  11:09  Marine  
  127  11:10  Marine  
  120  11:15  Marine  
  120  11:16  Marine  
  108  11:18  Marine  
  108  11:21  Marine  
  108  11:22  Marine  
  111  11:27  Marine  
  111  11:28  Marine  
  113  11:33  Marine  
  113  11:36  Marine  
Show
View Real Time Build Order
Export as new Build Order

Ryung Terran - Winner!

Build Orders: Cyclone Opening, Reaper Expand, Bio Tank 

Get SALT Encoding   

  12  0:00  SCV  
  13  0:13  SCV  
  14  0:16  Supply Depot  
  14  0:25  SCV  
  14  0:27  Refinery  
  15  0:38  SCV  
  16  0:43  Barracks  
  16  0:50  SCV  
  17  1:02  SCV  
  18  1:14  SCV  
  19  1:29  Orbital Command  
  19  1:30  Reaper  
  20  1:41  Command Center  
  20  1:55  Factory  
  20  1:56  SCV  
  21  2:03  Refinery  
  21  2:05  Barracks Reactor  
  21  2:09  SCV  
  22  2:16  Supply Depot  
  22  2:21  SCV  
  23  2:37  SCV  
  23  2:39  Cyclone  
  23  2:41  Marine x2  
  29  2:49  SCV  
  30  2:54  Starport  
  29  2:58  Orbital Command  
  29  3:02  SCV  
  29  3:04  Marine  
  31  3:07  Marine  
  32  3:16  Cyclone  
  34  3:23  Marine  
  34  3:24  SCV  
  34  3:25  Marine  
  34  3:26  SCV  
  38  3:31  Medivac  
  40  3:35  Supply Depot  
  40  3:38  SCV x2  
  40  3:41  Marine  
  42  3:43  Marine  
  44  3:49  Factory Tech Lab  
  44  3:50  SCV x2  
  46  3:57  Supply Depot  
  46  4:01  Viking  
  48  4:06  Marine x2  
  50  4:13  Siege Tank  
  50  4:14  SCV  
  54  4:18  SCV  
  55  4:28  SCV  
  55  4:30  Barracks  
  55  4:31  SCV  
  57  4:38  Barracks Tech Lab, Barracks  
  57  4:41  SCV, Refinery  
  57  4:43  SCV  
  62  4:55  Engineering Bay  
  62  4:56  Supply Depot, SCV x2  
  62  4:57  Starport Reactor  
  62  4:58  Stimpack  
  60  5:01  Supply Depot  
  60  5:04  Marine  
  61  5:08  SCV x2  
  62  5:17  Siege Tank  
  65  5:22  SCV x2  
  65  5:25  Supply Depot  
  65  5:27  Marine x3, Refinery, Barracks Tech Lab  
  70  5:34  SCV x2  
  72  5:36  Terran Infantry Weapons Level 1, Supply Depot  
  72  5:47  Combat Shields  
  72  5:48  Barracks x2  
  73  5:50  SCV x2  
  73  5:53  Marine x2  
  73  5:54  Supply Depot  
  73  5:55  Marine x2  
  78  6:02  SCV x2  
  80  6:10  Medivac x2  
  84  6:11  Supply Depot  
  83  6:19  Marine x3  
  83  6:20  Marine  
  87  6:27  Siege Tank  
  87  6:29  SCV  
  91  6:32  Command Center  
  91  6:33  Supply Depot  
  91  6:36  Barracks Reactor  
  91  6:37  Barracks Reactor  
  91  6:40  Supply Depot  
  91  6:41  Marine x3  
  91  6:43  Marine  
  95  6:49  Medivac x2  
  99  6:58  Marine  
  99  6:59  Marine x2  
  99  7:01  Marine  
  103  7:02  Siege Tank  
  106  7:10  SCV x2  
  106  7:12  Supply Depot x2  
  107  7:16  Marine x2  
  107  7:17  Marine x2  
  107  7:18  Marine  
  107  7:19  Marine  
  113  7:27  Marine x2  
  115  7:30  Terran Infantry Armor Level 1  
  115  7:32  Viking x2  
  119  7:38  Marine x4  
  119  7:42  Marine x2  
  125  7:49  Siege Tank  
  125  7:50  Orbital Command  
  128  7:55  Marine x2  
  130  7:58  Armory, Engineering Bay  
  130  8:04  SCV x2  
  128  8:12  Marine x2  
  130  8:13  Marine x2  
  130  8:14  Marine x2  
  133  8:21  Siege Tank  
  133  8:26  Marine x2  
  134  8:28  Viking  
  134  8:30  Marine x2  
  134  8:31  Marine x2  
  134  8:32  Marine x2  
  142  8:35  SCV  
  142  8:36  SCV  
  142  8:37  SCV  
  145  8:44  Marine x2  
  145  8:48  Marine x2  
  149  8:49  Terran Infantry Weapons Level 2  
  149  8:52  Marine x2  
  151  8:59  Marine x2  
  151  9:01  Marine x2  
  155  9:05  Marine, Orbital Command  
  142  9:17  Marine x4  
  142  9:20  Marine x3  
  142  9:23  Marine  
  145  9:35  Marine x4  
  145  9:38  Marine x3  
  151  9:41  Marine  
  151  9:43  Siege Tank  
  151  9:44  SCV  
  151  9:45  SCV  
  151  9:53  Marine x4  
  151  9:55  Marine x2  
  151  9:56  Marine  
  151  9:59  Marine, Medivac  
  138  10:05  SCV  
  138  10:06  SCV x2  
  137  10:11  Marine x4  
  137  10:13  Marine x3  
  144  10:17  Marine  
  139  10:28  Marine x2  
  139  10:29  Marine x2  
  139  10:31  Marine x3  
  139  10:34  Marine  
  139  10:43  Siege Tank  
  139  10:44  Viking x2  
  139  10:46  Marine x4  
  139  10:49  Marine x3  
  153  10:52  Marine  
  151  11:02  SCV x3  
  154  11:04  Marine x3  
  154  11:09  Marine x4  
  154  11:10  Marine  
  143  11:22  Marine x3  
  143  11:23  Siege Tank  
  147  11:26  Marine x3  
  147  11:27  Marine, Factory  
  147  11:28  Marine  
  152  11:40  Marine x3  

Tags
 
Add a new tag
Caveats
  • Supply blocks, unpowered buildings, or Contaminate may cause inaccurate times.
  • Supply counts are checked every 10 seconds.